 Dungeon Crawl Stone Soup version 0.19.1-1-g22dce08 (webtiles) character file.

5238 Dolanko the Basher (level 10, -1/66 HPs)
             Began as a Gargoyle Fighter on Jan 5, 2017.
             Was a High Priest of Makhleb.
             Slain by an orc warrior
             ... wielding a +0 spear
              (8 damage)
             ... in a bailey.
             The game lasted 00:15:13 (7057 turns).

Dolanko the Basher (Gargoyle Fighter)               Turns: 7057, Time: 00:15:14

Health: -1/66      AC: 26    Str: 27    XL:     10   Next: 61%
Magic:  12/12      EV:  7    Int:  9    God:    Makhleb [*****.]
Gold:   440        SH:  0    Dex:  9    Spells: 0 memorised, 9 levels left

rFire  . . .     SeeInvis .     A - +0 great mace
rCold  . . .     Gourm    .     C - +0 plate armour
rNeg   + . .     Faith    .     (shield currently unavailable)
rPois  ∞         Spirit   .     g - +1 helmet
rElec  +         Reflect  .     r - +0 cloak
rCorr  +         Harm     .     (no gloves)
MR     .....                    k - +0 pair of boots
Stlth  ..........               (no amulet)
                                v - ring of resist corrosion
                                t - +4 ring of strength

@: no status effects
A: negative energy resistance 1, electricity resistance, unbreathing,
petrification resistance, rot immunity, AC +7
a: Minor Destruction, Lesser Servant of Makhleb, Major Destruction, Greater
Servant of Makhleb, Renounce Religion


You were in a bailey.
You worshipped Makhleb.
Makhleb was extremely pleased with you.
You were not hungry.

You visited 1 branch of the dungeon, and saw 9 of its levels.
You also visited: Bailey.

You collected 440 gold pieces.

Inventory:

Hand Weapons
 A - a +0 great mace (weapon)
Armour
 c - a +0 shield
 g - a +1 helmet (worn)
 k - a +0 pair of boots (worn)
 r - a +0 cloak (worn)
 C - a +0 plate armour (worn)
Jewellery
 s - an uncursed ring of flight
 t - a +4 ring of strength (left hand)
 v - a ring of resist corrosion (right hand)
Wands
 a - a wand of flame (24/48)
 b - a wand of flame (3/48)
 d - a wand of lightning (7/15)
 h - a wand of teleportation (6/9)
 q - a wand of acid (12/15)
 D - a wand of slowing (22/48)
 F - a wand of acid (10/15)
 H - a wand of paralysis (12/24)
Scrolls
 j - a scroll of enchant armour
 l - 3 scrolls of identify
 n - 4 scrolls of amnesia
 o - 4 scrolls of remove curse
 x - a scroll of immolation
 y - 2 scrolls of recharging
 I - 2 scrolls of teleportation
Potions
 e - a potion of berserk rage {unknown}
 i - 2 potions of magic {unknown}
 p - a potion of might
 u - a potion of cure mutation {unknown}
 w - a potion of cancellation {unknown}
 B - a potion of invisibility
 E - a potion of mutation {unknown}
 G - a potion of agility
 J - a potion of heal wounds {unknown}
 M - a potion of curing
Comestibles
 f - a bread ration
 m - 4 beef jerkies
 z - 5 meat rations
 L - 6 chunks of flesh


   Skills:
 + Level 9.2 Fighting
 * Level 10.8 Maces & Flails
 + Level 8.9 Armour
 - Level 3.2 Shields
 + Level 2.7 Invocations


You had 9 spell levels left.
You didn't know any spells.

Dungeon Overview and Level Annotations

Branches:
Dungeon (9/15)             Temple (0/1) D:6            Lair (0/6) D:9
    Orc (0/2) D:9

Altars:
Ashenzari
Cheibriados
Kikubaaqudgha
Makhleb
Nemelex Xobeh
Okawaru
Qazlal
Ru
Sif Muna
Trog
Vehumet
Zin


Innate Abilities, Weirdness & Mutations

You are resistant to torment.
Your stone body is resilient. (AC +7)
You are immune to poison.
You resist negative energy. (rN+)
You are resistant to electric shocks. (rElec)
You can survive without breathing.
You are immune to petrification.
You are immune to rotting.


Message History

a halberd; a scale mail
Things that are here:
a trident; a runed ring mail; an orc skeleton You open the door.
The orc knight shouts!
There is an open door here.
The orc knight roars a battlecry!
The orc warrior goes into a battle-frenzy!
As you open the door, it creaks loudly! The orc warrior closely misses you.
The orc knight hits you from afar with a glaive!
There is an open door here.
The orc knight hits you from afar with a glaive!!
The orc warrior hits you but does no damage.
The orc warrior hits you from afar with a spear!!
* * * LOW HITPOINT WARNING * * *
The orc knight hits you from afar with a glaive!
* * * LOW HITPOINT WARNING * * *
The orc warrior hits you from afar with a spear!
You die...

########.
##.........##.$$$.##.
#+..≈≈≈§§≈≈..## ##..
##..≈≈.....§≈..# ##..≈
#..≈§...⌠...≈≈.. #).≈≈
#..≈≈..⌠⌠⌠.§§§.. #))≈≈
#..≈≈.oo..≈≈..# ##..≈
#..§≈≈≈≈§≈§.# ##..
#..@......# ##.
########'###'#############.
........##.....##..........
≈≈≈≈≈≈≈))##.∩.##..≈≈≈≈≈≈≈≈≈
......≈≈.)##.##..≈≈........
#####..≈≈.)###..≈≈..#######
##..≈≈.....≈≈..##
##..≈≈≈≈≈≈≈..##
##.........##


You could see an orc knight and an orc warrior.

Vanquished Creatures
  Pikel (D:4)
  Grinder (D:4)
  The ghost of karate69 the Poker, an amateur MfIE (D:4)
  2 hippogriffs
  A water moccasin (D:7)
  3 orc warriors
  2 ice beasts (D:8)
  2 sky beasts
  2 phantoms
  7 centaurs
  5 ogres
  A crocodile (D:7)
  2 bullfrogs (D:7)
  A gnoll sergeant (D:7)
  A water moccasin skeleton (D:9)
  5 scorpions
  3 killer bees
  2 howler monkeys
  3 electric eels (D:6)
  2 bullfrog skeletons (D:6)
  2 jellies
  8 orc wizards
  Crazy Yiuf (D:2)
  3 orc priests
  7 hounds
  Natasha (twice) (D:2)
  8 worker ants
  A killer bee zombie (D:8)
  A hound skeleton (D:4)
  Robin (D:4)
  A worker ant zombie (D:5)
  5 gnolls (D:7)
  13 adders
  A shadow imp (D:8)
  An adder zombie (D:7)
  4 worms
  3 dart slugs
  6 leopard geckos
  34 orcs
  A ball python (D:2)
  5 giant cockroaches
  11 hobgoblins
  13 jackals
  11 kobolds
  A quokka (D:3)
  4 bats
  5 frilled lizards
  14 goblins
  A leopard gecko skeleton (D:5)
  21 rats
236 creatures vanquished.

Vanquished Creatures (others)
  2 slaves (D:4)
  Natasha (D:2)
3 creatures vanquished.

Grand Total: 239 creatures vanquished

Notes
Turn   | Place    | Note
-------+----------+-------------------------------------------
     0 | D:1      | Dolanko the Gargoyle Fighter began the quest for the Orb.
     0 | D:1      | Reached XP level 1. HP: 14/14 MP: 1/1
   252 | D:1      | Reached XP level 2. HP: 19/19 MP: 2/2
   743 | D:2      | Reached XP level 3. HP: 17/23 MP: 3/3
   840 | D:2      | Reached skill level 3 in Maces & Flails
   964 | D:2      | Found a burning altar of Makhleb.
   983 | D:2      | Noticed Natasha
  1003 | D:2      | Became a worshipper of Makhleb the Destroyer
  1009 | D:2      | Killed Natasha
  1009 | D:2      | Reached XP level 4. HP: 9/29 MP: 4/4
  1258 | D:2      | Noticed Natasha
  1284 | D:2      | Killed Natasha
  1358 | D:2      | Noticed Natasha
  1380 | D:2      | Killed Natasha
  1380 | D:2      | Reached XP level 5. HP: 21/33 MP: 5/5
  1383 | D:2      | Found a sacrificial altar of Ru.
  1391 | D:2      | Found a snail-covered altar of Cheibriados.
  1401 | D:2      | Reached skill level 4 in Maces & Flails
  1554 | D:2      | Found a runed door.
  1558 | D:2      | Noticed Crazy Yiuf
  1569 | D:2      | Killed Crazy Yiuf
  1778 | D:3      | Reached * piety under Makhleb
  1960 | D:3      | Reached XP level 6. HP: 39/39 MP: 6/6
  2232 | D:4      | Found a sparkling altar of Nemelex Xobeh.
  2284 | D:4      | Noticed Grinder
  2295 | D:4      | Killed Grinder
  2295 | D:4      | Reached skill level 5 in Fighting
  2295 | D:4      | Reached skill level 5 in Maces & Flails
  2346 | D:4      | Reached XP level 7. HP: 16/44 MP: 7/7
  2647 | D:4      | Noticed Robin
  2661 | D:4      | Reached ** piety under Makhleb
  2663 | D:4      | Killed Robin
  2702 | D:4      | You fall through a shaft for 3 floors!
  2712 | D:7      | Reached skill level 5 in Armour
  2721 | D:7      | Reached skill level 6 in Maces & Flails
  2738 | D:7      | Found a bloodstained altar of Trog.
  2786 | D:7      | Reached XP level 8. HP: 45/51 MP: 8/8
  2919 | D:7      | Reached skill level 7 in Maces & Flails
  3253 | D:5      | Entered Level 5 of the Dungeon
  3302 | D:5      | Found a shattered altar of Ashenzari.
  3489 | D:5      | Reached *** piety under Makhleb
  3494 | D:5      | Reached skill level 8 in Maces & Flails
  3630 | D:4      | Noticed Pikel
  3639 | D:4      | Killed Pikel
  3639 | D:4      | Reached XP level 9. HP: 57/57 MP: 9/9
  3908 | D:4      | Reached skill level 9 in Maces & Flails
  4052 | D:4      | Noticed karate69's ghost (amateur MfIE)
  4067 | D:4      | Killed karate69's ghost
  4915 | D:5      | Found Vasmetyz's Assorted Antiques.
  5134 | D:6      | Found a staircase to the Ecumenical Temple.
  5158 | D:6      | Found a stormy altar of Qazlal.
  5708 | D:7      | Found a glowing silver altar of Zin.
  5803 | D:7      | Reached **** piety under Makhleb
  5809 | D:7      | Reached XP level 10. HP: 60/65 MP: 10/10
  5827 | D:7      | Reached skill level 10 in Maces & Flails
  5994 | D:8      | Found a radiant altar of Vehumet.
  6034 | D:8      | Found a deep blue altar of Sif Muna.
  6043 | D:8      | Found an ancient bone altar of Kikubaaqudgha.
  6075 | D:8      | Identified Kikubaaqudgha's Compendium of Stolen Souls
  6103 | D:8      | Reached skill level 1 in Invocations
  6306 | D:8      | Found an iron altar of Okawaru.
  6670 | D:9      | Found a staircase to the Orcish Mines.
  6821 | D:9      | Reached ***** piety under Makhleb
  6823 | D:9      | Found a flagged portal.
  6886 | Bailey   | Entered a bailey
  7049 | Bailey   | Noticed an orc knight
  7057 | Bailey   | Slain by an orc warrior

Skill      XL: |  1  2  3  4  5  6  7  8  9 10 |
---------------+-------------------------------+-----
Maces & Flails | 3 4 5 6 8 9 10 | 10.8
Fighting       | 4 5 6 7 8 9 |  9.2
Armour         | 4 5 7 8 |  8.9
Invocations    | 2 |  2.7
Shields        | |  3.2

Action                   |  1- 3 |  4- 6 |  7- 9 | 10-12 || total
-------------------------+-------+-------+-------+-------++-------
Melee: Flail             |   126 |   201 |       |       ||   327
       Great mace        |       |    35 |   365 |   224 ||   624
Evoke: Wand              |       |       |     3 |       ||     3
  Use: Potion            |     3 |       |     7 |     1 ||    11
       Scroll            |       |     2 |    10 |     3 ||    15
  Eat: Chunk             |       |     5 |     8 |     2 ||    15
       Bread ration      |       |       |     1 |     1 ||     2
Armor: Scale mail        |   116 |   191 |    30 |       ||   337
       Plate armour      |       |       |   413 |   241 ||   654
Dodge: Dodged            |    88 |   157 |   215 |   112 ||   572
